 Dungeon Crawl Stone Soup version 0.26-a0-846-gcc8f1ee719 (webtiles) character file.

Game seed: 1495876978249153763

44027 rocket00000 the Cleaver (level 13, -11/116 HPs)
             Began as a White Draconian Warper on Nov 19, 2020.
             Was a High Priest of Nemelex Xobeh.
             Killed from afar by Nikola (35 damage)
             ... with a chain lightning
             ... on level 1 of the Shoals.
             The game lasted 03:34:07 (14116 turns).

rocket00000 the Cleaver (White Draconian Warper)   Turns: 14116, Time: 03:34:08

Health: -11/116    AC: 15    Str: 16    XL:     13   Next: 94%
Magic:  17/23      EV: 20    Int: 15    God:    Nemelex Xobeh [*****.]
Gold:   867        SH:  5    Dex: 16    Spells: 6/26 levels left

rFire    . . .     SeeInvis +   g - +14 obsidian axe {vorpal, +Fly SInv *Curse} (curse)
rCold    + . .     Faith    .   u - +0 buckler
rNeg     . . .     Spirit   .   (armour unavailable)
rPois    .         Reflect  .   N - +2 hat {MR+}
rElec    .         Harm     .   A - +0 cloak
rCorr    .         Rampage  .   P - +0 pair of gloves
MR       ++...     Rnd*Rage +   z - +2 pair of boots {Fly}
Stlth    +++.......             k - amulet of regeneration
HPRegen  0.69/turn              f - +6 ring of dexterity
MPRegen  0.18/turn              M - ring of protection from magic

@: short of breath, frozen ramparts, flying, mesmerised
A: breathe frost, unfitting armour, see invisible, berserk 1, cold resistance 1,
dopey 1, cold-blooded, AC +8
a: Breathe Frost, Draw Escape, Draw Destruction, Draw Summoning, Triple Draw,
Deal Four, Stack Five, Renounce Religion, Stop Flying


You were on level 1 of the Shoals.
You worshipped Nemelex Xobeh.
Nemelex Xobeh was extremely pleased with you.
You visited 3 branches of the dungeon, and saw 18 of its levels.

You collected 1322 gold pieces.
You spent 455 gold pieces at shops.

Inventory:

Hand Weapons
 g - the cursed +14 obsidian axe (weapon) {vorpal, +Fly SInv *Curse}
   (You found it on level 2 of the Lair of Beasts)

   It inflicts extra damage upon your enemies.
   It lets you see invisible.
   It lets you fly.
   It curses itself when equipped.
   It has a curse placed upon it.
 I - a +2 long sword of holy wrath
 K - the +1 war axe of Cuypnad {freeze, MP+9}
   (You found it on level 8 of the Dungeon)

   It has been specially enchanted to freeze those struck by it, causing extra
   injury to most foes and up to half again as much damage against particularly
   susceptible opponents.
   It can also slow down cold-blooded creatures.
   It affects your magic capacity (+9).
 R - a cursed +5 scimitar of freezing
 U - a +2 antimagic dagger
Missiles
 d - 3 boomerangs of dispersal
 l - 376 stones
 q - 25 poisoned darts (quivered)
 t - 3 throwing nets
 B - 8 atropa-tipped darts
 J - 14 curare-tipped darts
 Y - 11 javelins
Armour
 u - a +0 buckler (worn)
 z - a +2 pair of boots of flying (worn)
 A - a +0 cloak (worn)
 N - a +2 hat of magic resistance (worn)
 P - a +0 pair of gloves (worn)
 Q - a +0 tower shield
Magical Staves
 S - an uncursed staff of poison
Jewellery
 f - a +6 ring of dexterity (left hand)
 k - an amulet of regeneration (around neck)
 s - an uncursed ring of resist corrosion
 v - an uncursed ring of poison resistance
 F - an uncursed amulet of faith
 M - a ring of protection from magic (right hand)
Wands
 a - a wand of iceblast (13)
 E - a wand of flame (55)
 L - a wand of acid (18)
 V - a wand of disintegration (22)
 W - a wand of paralysis (9)
Scrolls
 c - 2 scrolls of blinking
 h - 3 scrolls of enchant weapon
 j - 7 scrolls of teleportation
 m - a scroll of amnesia
 o - 2 scrolls of fog
 r - 2 scrolls of immolation
 w - 4 scrolls of fear
 y - a scroll of silence
 D - 11 scrolls of remove curse
 G - a scroll of brand weapon
 O - a scroll of noise {unknown}
 Z - a scroll of holy word
Potions
 b - 4 potions of might
 e - 4 potions of heal wounds
 n - 2 potions of degeneration {unknown}
 p - 5 potions of curing
 x - 2 potions of ambrosia
 C - 2 potions of cancellation
 T - a potion of haste
 X - 2 potions of magic


   Skills:
 + Level 11.4 Fighting
 - Level 0.5(2.1) Short Blades
 - Level 3.4 Long Blades
 * Level 13.8 Axes
 - Level 1.1 Throwing
 + Level 11.1 Dodging
 - Level 5.3 Stealth
 * Level 2.9 Shields
 + Level 7.2 Spellcasting
 + Level 4.5 Translocations
 - Level 6.1 Ice Magic
 + Level 2.4 Evocations


You had 6 spell levels left.
You knew the following spells:

 Your Spells              Type           Power        Failure   Level
a - Blink                 Tloc           N/A          3%          2
b - Gell's Gravitas       Tloc           ###.......   7%          3
c - Lesser Beckoning      Tloc           ###.......   7%          3
d - Freeze                Ice            ###.         1%          1
e - Ozocubu's Armour      Ice            ###.....     3%          3
f - Frozen Ramparts       Ice            ###...       3%          3
g - Ensorcelled Hibernat  Hex/Ice        ##....       6%          2
h - Teleport Other        Tloc           ###.....     7%          3

Your spell library contained the following spells:

 Spells                   Type           Power        Failure   Level
 Apportation              Tloc           ###...       2%          1
 Corona                   Hex            #......      14%         1
 Sandblast                Erth           #.....       14%         1
 Passwall                 Tmut/Erth      #.......     22%         2
 Passage of Golubria      Tloc           N/A          22%         4
 Hailstorm                Conj/Ice       ##......     38%         4
 Summon Ice Beast         Ice/Summ       ##......     38%         4
 Confusing Touch          Hex            #.......     41%         3
 Dazzling Flash           Conj/Hex       #.....       41%         3
 Stone Arrow              Conj/Erth      #.....       41%         3
 Tukima's Dance           Hex            #.......     41%         3
 Petrify                  Tmut/Erth      #.......     82%         4
 Alistair's Intoxication  Tmut/Pois      #........    99%         5
 Borgnjor's Vile Clutch   Necr/Erth      #.........   99%         5
 Lee's Rapid Deconstruct  Erth           #.........   99%         5
 Silence                  Hex/Air        #.........   99%         5
 Invisibility             Hex            #.......     100%        6
 Shadow Creatures         Summ           N/A          100%        6


Dungeon Overview and Level Annotations

Branches:
Dungeon (11/15)            Temple (0/1) D:6            Lair (6/6) D:11
 Shoals (1/4) Lair:4       Spider (0/4) Lair:4        Slime (0/5) Lair:6
    Orc: D:9-12

Altars:
Ashenzari
Dithmenos
Elyvilon
Hepliaklqana
Nemelex Xobeh
Qazlal
Sif Muna
Uskayaw
Xom
Jiyva

Shops:
D:8 :

Annotations:
D:11 3 runed translucent doors, sahdkjhfkaj's ghost, journeyman HuFi
Lair:1 2 transporters, Uleum's ghost, journeyman MiBe
Shoals:1 Nikola


Innate Abilities, Weirdness & Mutations

You can breathe waves of freezing cold.
You can buffet flying creatures when you breathe cold.
Your icy white scales are hard. (AC +8)
You cannot fit into any form of body armour.
Your flesh is cold resistant. (rC+)
You are cold-blooded and may be slowed by cold attacks.
You have supernaturally acute eyesight. (SInv)
You tend to lose your temper in combat.
You are dopey. (Int -2)


Message History

Nikola casts a spell.
You hear a mighty clap of thunder!
The lightning arc hits you!! The lightning arc hits your hellwing!!!
The lightning arc hits Nikola.
The lightning arc hits your hellwing!!
Your hellwing dies!
The lightning arc hits Nikola!
The lightning arc hits you!!
You hear an angry hiss.
You hear a shout!
You hear an angry hiss.
Nemelex Xobeh deals you some cards!
You now have 13 escape cards, 26 destruction cards and 13 summoning cards.
Your icy armour cracks and falls away as you move.
Your hell hound bites Nikola!
Nikola casts a spell.
You hear a mighty clap of thunder!
The lightning arc hits you!
The lightning arc hits your hell hound!!
The lightning arc hits you!!
* * * LOW HITPOINT WARNING * * *
The lightning arc hits Nikola.
The lightning arc hits you!!
You die...
Your body glows with a rainbow of weird colours and disappears.

≈≈≈≈≈≈.......≈≈≈.....≈.#
≈≈≈≈.....###...≈.
≈≈≈......## ....≈
≈≈..#.....##.....
≈≈...............
≈≈≈.............. .
≈≈≈≈..#....###.....
≈≈≈≈........##..#
≈≈≈≈....≈h.@..?#
≈≈≈≈≈≈.≈≈≈@....#
≈≈≈≈≈≈≈≈≈≈.......#
≈≈≈≈..≈≈≈≈.......#
≈≈≈≈≈≈≈≈........#
≈≈≈≈≈≈≈.........#
≈≈≈≈≈≈.≈≈≈.....#
≈≈≈≈≈≈≈≈≈≈.....


You could see Nikola (mesmerising) and a friendly hell hound (summoned, catching
breath).

Vanquished Creatures
  2 hydras
  A boulder beetle (Lair:6)
  A two-headed ogre (D:10)
  Sonja (Lair:3)
  A faun (Shoals:1)
  A manticore (D:11)
  14 elephants
  2 black mambas
  A torpor snail (Lair:5)
  13 cane toads
  2 rime drakes
  7 komodo dragons
  A merfolk (Shoals:1)
  2 polar bears (Lair:6)
  2 trolls
  4 hornets
  5 slime creatures
  16 blink frogs
  A dream sheep (Lair:6)
  7 spriggans (Lair:6)
  2 wraiths
  13 yaks
  3 wyverns
  3 basilisks
  Menkaure (D:5)
  An acid dragon (D:4)
  9 water moccasins
  2 ice beasts
  4 sky beasts
  3 orc warriors
  4 black bears (Lair:6)
  2 boggarts (Lair:6)
  5 ogres
  17 wolves
  A big kobold (D:10)
  19 bullfrogs
  A wyvern zombie (D:11)
  A wyvern skeleton (D:11)
  7 scorpions
  30 killer bees
  7 wights
  2 electric eels (Lair:4)
  6 howler monkeys
  A bullfrog zombie (D:7)
  3 centaur skeletons
  2 hounds
  3 orc priests
  Crazy Yiuf (D:5)
  A bullfrog skeleton (D:8)
  5 jellies
  4 orc wizards
  Natasha (thrice) (D:4)
  3 iguanas
  Ijyb (D:5)
  6 worker ants
  A hound zombie (D:7)
  2 hound skeletons
  2 worker ant zombies (D:10)
  Robin (D:4)
  4 gnolls (D:10)
  9 adders
  A shadow imp (D:4)
  A white imp (D:5)
  4 ufetubi
  2 oozes
  An adder zombie (D:6)
  An adder skeleton (D:4)
  2 worms
  5 leopard geckos
  30 orcs
  A ball python (D:5)
  7 bats
  6 giant cockroaches
  13 goblins
  9 hobgoblins
  8 jackals
  6 quokkas
  7 frilled lizards
  A giant cockroach zombie (D:6)
  8 kobolds
  A leopard gecko zombie (D:5)
  A quokka zombie (D:6)
  8 rats
402 creatures vanquished.

Vanquished Creatures (collateral kills)
  Gastronok (D:8)
  A hydra (Lair:5)
  A two-headed ogre (D:10)
  An elephant (Lair:3)
  2 cane toads
  A komodo dragon (Lair:5)
  Maggie (D:8)
  2 polar bears (Lair:6)
  2 hornets (Lair:6)
  A slime creature (D:10)
  8 blink frogs
  6 dream sheep (Lair:6)
  A snapping turtle (Lair:4)
  7 spriggans (Lair:6)
  15 yaks
  2 orc warriors
  A black bear (Lair:6)
  2 boggarts (Lair:6)
  5 wolves (Lair:6)
  A bullfrog (Lair:4)
  6 wights
  17 killer bees (Lair:4)
  A bullfrog zombie (D:10)
  A worker ant (D:10)
  2 orc wizards (D:8)
  3 gnolls (D:10)
  2 orcs (D:8)
93 creatures vanquished.

Vanquished Creatures (others)
  A killer bee (Lair:4)
  68 fungi
  72 plants
141 creatures vanquished.

Grand Total: 636 creatures vanquished

Notes
Turn   | Place    | Note
-------+----------+-------------------------------------------
     0 | D:1      | rocket00000 the Draconian Warper began the quest for the
                  | Orb.
     0 | D:1      | Reached XP level 1. HP: 17/17 MP: 3/3
   273 | D:1      | Reached XP level 2. HP: 24/25 MP: 5/5
   313 | D:1      | Learned a level 2 spell: Blink
   577 | D:1      | Found a sparkling altar of Nemelex Xobeh.
   590 | D:1      | Became a worshipper of Nemelex Xobeh the Trickster
   970 | D:2      | Reached XP level 3. HP: 9/30 MP: 6/6
  1437 | D:2      | Reached * piety under Nemelex Xobeh
  1453 | D:2      | Reached skill level 1 in Throwing
  1589 | D:2      | Received a gift from Nemelex Xobeh
  1603 | D:2      | Found a shadowy altar of Dithmenos.
  1707 | D:3      | Reached XP level 4. HP: 37/37 MP: 7/7
  1832 | D:3      | Learned a level 3 spell: Gell's Gravitas
  1873 | D:3      | Found a transporter.
  1876 | D:3      | Found a transporter.
  1897 | D:3      | Reached skill level 1 in Stealth
  1927 | D:3      | Found a shimmering blue altar of Sif Muna.
  1936 | D:3      | Reached XP level 5. HP: 40/44 MP: 8/8
  2318 | D:4      | Noticed an ogre
  2364 | D:4      | Found a stormy altar of Qazlal.
  2450 | D:4      | Noticed an ogre
  2585 | D:4      | Killed an ogre
  2586 | D:4      | Reached XP level 6. HP: 47/52 MP: 9/9
  2609 | D:4      | Reached ** piety under Nemelex Xobeh
  2628 | D:4      | Found a hide-covered altar of Uskayaw.
  2704 | D:4      | Noticed Natasha
  2711 | D:4      | Killed Natasha
  2729 | D:4      | Noticed Robin
  2749 | D:4      | Killed Robin
  2816 | D:4      | Noticed a water moccasin
  2821 | D:4      | Noticed an acid dragon
  2821 | D:4      | a water moccasin changed into an acid dragon
  2822 | D:4      | Identified the -1 quarterstaff "Sirepn" {vorpal, rN+ Str+2
                  | SInv}
  2831 | D:4      | Killed an acid dragon
  2832 | D:4      | Your scales start taking on an icy white colour.
  2832 | D:4      | Reached XP level 7. HP: 32/60 MP: 10/10
  2832 | D:4      | Gained mutation: Your flesh is cold resistant. (rC+) [White
                  | Draconian growth]
  2995 | D:4      | Reached skill level 5 in Fighting
  3007 | D:4      | Noticed Natasha
  3038 | D:4      | Killed Natasha
  3039 | D:4      | Reached skill level 5 in Dodging
  3099 | D:4      | Received a gift from Nemelex Xobeh
  3145 | D:4      | Noticed Natasha
  3153 | D:4      | Killed Natasha
  3208 | D:5      | Entered Level 5 of the Dungeon
  3411 | D:5      | Learned a level 3 spell: Lesser Beckoning
  3417 | D:5      | Noticed Menkaure
  3559 | D:5      | Received a gift from Nemelex Xobeh
  3568 | D:5      | Noticed Ijyb
  3819 | D:5      | Killed Ijyb
  3820 | D:5      | Reached XP level 8. HP: 70/70 MP: 11/11
  3875 | D:5      | Found a hazy altar of Hepliaklqana.
  3986 | D:5      | Killed Menkaure
  4069 | D:5      | Found a runed translucent door.
  4070 | D:5      | Noticed Crazy Yiuf
  4075 | D:5      | Killed Crazy Yiuf
  4148 | D:6      | Found a staircase to the Ecumenical Temple.
  4180 | D:6      | Found a stormy altar of Qazlal.
  4181 | D:6      | Noticed an air elemental
  4347 | D:6      | Found a broken altar of Ashenzari.
  4542 | D:6      | Found a shimmering altar of Xom.
  4599 | D:6      | Reached *** piety under Nemelex Xobeh
  4845 | D:7      | Noticed a cyclops
  4948 | D:7      | Received a gift from Nemelex Xobeh
  5050 | D:7      | Reached skill level 1 in Evocations
  5174 | D:7      | Reached XP level 9. HP: 35/79 MP: 12/12
  5402 | D:8      | Found Yheo's Book Shop.
  5426 | D:8      | Noticed Maggie
  5434 | D:8      | Killed Maggie
  5438 | D:8      | Got a blackened war axe
  5458 | D:8      | Identified the cursed +1 war axe of Cuypnad {freeze, MP+9}
                  | (You found it on level 8 of the Dungeon)
  5522 | D:8      | Noticed Gastronok
  5546 | D:8      | Received a gift from Nemelex Xobeh
  5555 | D:8      | Killed Gastronok
  5556 | D:8      | Reached skill level 5 in Stealth
  5631 | D:8      | Reached skill level 1 in Axes
  5691 | D:8      | Reached **** piety under Nemelex Xobeh
  5740 | D:8      | Reached XP level 10. HP: 83/90 MP: 14/14
  6073 | D:9      | Found a white marble altar of Elyvilon.
  6255 | D:9      | Reached skill level 2 in Axes
  6433 | D:9      | Reached skill level 3 in Axes
  6534 | D:8      | Bought a book of Frost for 455 gold pieces
  6537 | D:8      | Learned a level 1 spell: Freeze
  6742 | D:10     | Entered Level 10 of the Dungeon
  6829 | D:10     | Reached skill level 1 in Ice Magic
  6855 | D:10     | Reached skill level 4 in Axes
  6881 | D:10     | Noticed a two-headed ogre
  6982 | D:9      | Learned a level 3 spell: Ozocubu's Armour
  7019 | D:10     | Killed a two-headed ogre
  7050 | D:10     | Reached skill level 5 in Axes
  7193 | D:10     | Received a gift from Nemelex Xobeh
  7379 | D:11     | Noticed a manticore
  7581 | D:11     | Noticed a two-headed ogre
  7601 | D:10     | Killed a two-headed ogre
  7602 | D:10     | Reached skill level 6 in Axes
  7602 | D:10     | Reached XP level 11. HP: 58/97 MP: 16/16
  7694 | D:11     | Upgraded the game from 0.26-a0-844-g3dd439832f to
                  | 0.26-a0-846-gcc8f1ee719
  7702 | D:11     | Noticed an eight-headed hydra
  8290 | D:11     | Reached skill level 7 in Axes
  8374 | D:10     | Reached skill level 5 in Ice Magic
  8471 | D:10     | Learned a level 3 spell: Frozen Ramparts
  8474 | D:10     | Learned a level 2 spell: Ensorcelled Hibernation
  8562 | D:11     | Reached ***** piety under Nemelex Xobeh
  8583 | D:11     | Found a runed translucent gate.
  8583 | D:11     | Found a runed translucent gate.
  8583 | D:11     | Found a runed translucent gate.
  8584 | D:11     | Noticed sahdkjhfkaj's ghost (journeyman HuFi)
  8765 | D:11     | Killed an eight-headed hydra
  8821 | D:11     | Found a staircase to the Lair.
  9011 | Lair:1   | Entered Level 1 of the Lair of Beasts
  9054 | Lair:1   | Identified the cursed +1 rapier of the Original Sin {flame,
                  | Str+4}
  9054 | Lair:1   | Noticed a spriggan berserker
  9094 | Lair:1   | Reached skill level 8 in Axes
  9104 | Lair:1   | Reached skill level 10 in Dodging
  9289 | Lair:1   | Reached skill level 10 in Fighting
  9323 | Lair:1   | Received a gift from Nemelex Xobeh
  9324 | Lair:1   | Noticed Uleum's ghost (journeyman MiBe)
  9346 | Lair:1   | Reached skill level 9 in Axes
  9650 | Lair:1   | Found a transporter.
  9656 | Lair:1   | Found a transporter.
  9719 | Lair:1   | Received a gift from Nemelex Xobeh
  9800 | Lair:2   | Noticed an eight-headed hydra
  9812 | Lair:1   | Reached XP level 12. HP: 76/106 MP: 19/19
  9819 | Lair:1   | Reached skill level 5 in Spellcasting
 10449 | Lair:2   | Received a gift from Nemelex Xobeh
 10733 | Lair:2   | Reached skill level 10 in Axes
 11001 | Lair:2   | Found the cursed +14 obsidian axe {vorpal, +Fly SInv
                  | *Curse}
 11063 | Lair:2   | Received a gift from Nemelex Xobeh
 11556 | Lair:3   | Noticed Sonja
 11562 | Lair:3   | Reached skill level 11 in Axes
 11564 | Lair:3   | Killed Sonja
 12091 | Lair:4   | Received a gift from Nemelex Xobeh
 12105 | Lair:4   | Reached XP level 13. HP: 109/115 MP: 22/22
 12191 | Lair:4   | Found a staircase to the Shoals.
 12234 | Lair:4   | Found a hole to the Spider Nest.
 12383 | Lair:4   | Received a gift from Nemelex Xobeh
 12520 | Lair:5   | Reached skill level 12 in Axes
 12888 | Lair:5   | Found a runed translucent door.
 13057 | Lair:6   | Entered Level 6 of the Lair of Beasts
 13102 | Lair:6   | Received a gift from Nemelex Xobeh
 13197 | Lair:6   | Gained mutation: Scrolls take you a little longer to read.
                  | [a neqoxec]
 13203 | Lair:6   | Reached skill level 1 in Shields
 13420 | Lair:6   | Reached skill level 13 in Axes
 13819 | Lair:6   | Lost mutation: Scrolls take you a little longer to read.
                  | [potion of mutation]
 13819 | Lair:6   | Gained mutation: You are dopey. (Int -2) [potion of
                  | mutation]
 13819 | Lair:6   | Gained mutation: You tend to lose your temper in combat.
                  | [potion of mutation]
 13819 | Lair:6   | Gained mutation: You have supernaturally acute eyesight.
                  | (SInv) [potion of mutation]
 13848 | Lair:6   | Found a viscous altar of Jiyva.
 13849 | Lair:6   | Found a staircase to the Slime Pits.
 13907 | Lair:6   | Learned a level 3 spell: Teleport Other
 14057 | Shoals:1 | Entered Level 1 of the Shoals
 14110 | Shoals:1 | Noticed Nikola
 14116 | Shoals:1 | Received a gift from Nemelex Xobeh
 14116 | Shoals:1 | Killed from afar by Nikola

Illustrated notes

Levels and vault maps discovered:
D:1:      minmay_arrival_checkered_box, layout_rooms,
          nemelex_diamond_rough_becter
D:2:      layout_basic, marbit_many_paths, corexii_item_surrounded_by_moat,
          minivault_24
D:3:      layout_loops_ring, gammafunk_temple_overflow_arena,
          portal_sewer_entry_b
D:4:      layout_basic, overflow_temple_1_default, kennysheep_little_box,
          uniq_natasha, uniq_robin
D:5:      layout_basic, general_overflow_altar, uniq_crazy_yiuf_cottage,
          uniq_menkaure, uniq_ijyb
D:6:      layout_rooms, kennysheep_mini_moat, xom_teletrap_fun,
          minmay_temple_entry_statues_pillars, hex_large,
          nicolae_qazlal_style_of_elements
D:7:      layout_basic
D:8:      layout_gridville, serial_shops, kennysheep_mini, uniq_maggie,
          uniq_gastronok
D:9:      layout_roguey, elyvilon_altar_4
D:10:     layout_cave_pools
D:11:     layout_rooms, grunt_lair_entry_orc_guard_hut,
          ebering_ghost_rock_garden, hangedman_abyss_or_decor_stabs
Lair:1:   layout_regular_city, gammafunk_ghost_wrathful_warriors
Lair:2:   layout_layer_cave
Lair:3:   layout_regular_city, uniq_sonja
Lair:4:   wad_woods_minihive, layout_regular_city, minmay_shoals_entry_hut,
          spider_nest_entry_web_field, serial_bayou_shore_a,
          infiniplex_staircase_pool_2
Lair:5:   layout_misc_corridors, st_stairs_9, pf_torpor_hydra,
          lemuel_fruit_fields, lemuel_fruit_fields
Lair:6:   minmay_lair_end_enchanted_forest, layout_regular_city, slime_altar_1,
          chequers_serial_rivers_large_b, minivault_23,
          chequers_serial_rivers_large_a, serial_bayou_pond_c
Shoals:1: layout_shoals, uniq_nikola

Skill      XL: |  1  2  3  4  5  6  7  8  9 10 11 12 13 |
---------------+----------------------------------------+-----
Throwing       | 1 |  1.1
Long Blades    | 3 |  3.4
Dodging        | 3 4 5 7 9 10 11 | 11.1
Stealth        | 1 2 3 4 5 |  5.3
Fighting       | 3 4 5 7 8 9 10 11 | 11.4
Evocations     | 1 2 |  2.4
Axes           | 1 6 9 11 13 | 13.8
Translocations | 4 |  4.5
Spellcasting   | 3 4 6 7 |  7.2
Ice Magic      | 4 6 |  6.1
Shields        | 2 |  2.9
Short Blades   | |  0.5

Action                   |  1- 3 |  4- 6 |  7- 9 | 10-12 | 13-15 || total
-------------------------+-------+-------+-------+-------+-------++-------
Melee: Falchion          |    77 |       |       |       |       ||    77
       Tailslap          |    15 |    24 |    48 |    92 |    36 ||   215
       Short sword       |    39 |   146 |   281 |       |       ||   466
       War axe           |       |       |    30 |   455 |       ||   485
       Broad axe         |       |       |       |    99 |   229 ||   328
Throw: Stone             |    15 |       |     7 |     3 |       ||    25
       Boomerang         |     2 |       |       |       |       ||     2
       Dart              |     3 |     7 |    19 |    27 |     1 ||    57
 Cast: Blink             |       |       |     4 |     3 |     5 ||    12
       Freeze            |       |       |       |    11 |       ||    11
       Ozocubu's Armour  |       |       |       |    25 |     6 ||    31
       Frozen Ramparts   |       |       |       |    32 |     7 ||    39
Invok: Draw Destruction  |       |     2 |     3 |     9 |     1 ||    15
       Draw Summoning    |       |     1 |     4 |     5 |     1 ||    11
 Abil: Breathe Frost     |       |       |    31 |    45 |    10 ||    86
Evoke: Wand              |       |       |     6 |     8 |     1 ||    15
  Use: Scroll            |     3 |     1 |       |     9 |     4 ||    17
       Potion            |     1 |       |     1 |     2 |     5 ||     9
 Stab: Sleeping          |     3 |     2 |     2 |     4 |     3 ||    14
       Distracted        |       |     1 |       |     2 |     1 ||     4
Armor: Skin              |    22 |    24 |    69 |   234 |    59 ||   408
Dodge: Dodged            |    88 |    93 |   250 |   757 |   235 ||  1423
Block: Buckler           |       |       |       |       |    25 ||    25
       Rpst.: Falchion   |    20 |       |       |       |       ||    20

Table legend: (Time is in decaauts)
 A = Elapsed time spent in this place.
 B = Non-inter-level travel time spent in this place.
 C = Inter-level travel time spent in this place.
 D = Time resting spent in this place.
 E = Time spent auto-exploring this place.
 F = Levels seen in this place.
 G = Mean time per level.
                   A        B        C        D        E       F      G
               +--------+--------+--------+--------+--------+-----+--------+
         Total |  14321 |  14297 |     24 |   1932 |    310 |  18 |  795.6 |
       Dungeon |   9304 |   9304 |      0 |   1369 |    310 |  11 |  845.8 |
          Lair |   4959 |   4935 |     24 |    563 |      0 |   6 |  826.5 |
        Shoals |     57 |     57 |      0 |      0 |      0 |   1 |   57.0 |
               +--------+--------+--------+--------+--------+-----+--------+

Top non-repeatable levels by time:
    D:10: 1249 daAuts
  Lair:1: 1244 daAuts
    D:11: 1102 daAuts
     D:2: 983 daAuts
  Lair:6: 947 daAuts
     D:4: 921 daAuts
     D:5: 908 daAuts
     D:8: 797 daAuts
  Lair:2: 794 daAuts
  Lair:3: 768 daAuts
     D:9: 768 daAuts
     D:1: 695 daAuts
     D:6: 690 daAuts
     D:3: 677 daAuts
  Lair:4: 624 daAuts
